 Dungeon Crawl Stone Soup version 0.24-a0-434-gd57e52fea8 (webtiles) character file.

Game seed: 4045785924844411314

37 vurker the Chopper (level 3, -3/33 HPs)
             Began as a Hill Orc Monk on June 15, 2019.
             Slain by an orc warrior
             ... wielding a +0 mace
              (6 damage)
             ... on level 2 of the Dungeon.
             The game lasted 00:02:13 (1035 turns).

vurker the Chopper (Hill Orc Monk)                  Turns: 1035, Time: 00:02:14

Health: -3/33      AC:  3    Str: 14    XL:     3   Next: 39%
Magic:  3/3        EV: 13    Int: 10    God:
Gold:   54         SH:  0    Dex: 13    Spells: 2/2 levels left

rFire    . . .     SeeInvis .   a - +1 hand axe
rCold    . . .     Gourm    .   (no shield)
rNeg     . . .     Faith    .   b - +1 robe
rPois    .         Spirit   .   (no helmet)
rElec    .         Reflect  .   (no cloak)
rCorr    .         Harm     +   (no gloves)
MR       .....                  (no boots)
Stlth    ++........             m - amulet of harm (curse)
HPRegen  0.11/turn              (no ring)
MPRegen  0.08/turn              (no ring)

@: no status effects
A: no striking features
a: no special abilities


You were on level 2 of the Dungeon.
You were not hungry.

You visited 1 branch of the dungeon, and saw 2 of its levels.

You collected 54 gold pieces.

Inventory:

Hand Weapons
 a - a +1 hand axe (weapon)
Armour
 b - a +1 robe (worn)
Jewellery
 m - a cursed amulet of harm (around neck)
   (You found it on level 1 of the Dungeon)
Scrolls
 d - a scroll of fear
Potions
 g - a potion of lignification {unknown}
 k - a potion of cancellation {unknown}
 n - a potion of berserk rage
Comestibles
 c - 6 chunks of flesh
 e - 3 rations {!d}


   Skills:
 + Level 4.2 Fighting
 * Level 5.3 Axes
 - Level 2.4 Dodging
 - Level 1.5 Stealth


You had 2 spell levels left.
You didn't know any spells.
Your spell library was empty.

Dungeon Overview and Level Annotations

Branches:
Dungeon (2/15)

Altars:


Message History

You hit the bat.
You kill the bat!
You hit the kobold.
You kill the kobold!
You hit the quokka.
You kill the quokka!
No target in view!
No target in view!
You butcher the worm corpse.
c - 5 chunks of flesh (gained 3)
d - a scroll of fear A ball python comes into view.
The ball python hisses angrily.
You hear a shout!
The ball python closely misses you. The ball python barely misses you.
You hear a shout! x3
A ball python is nearby!
You hit the ball python.
You kill the ball python!
No target in view!
No target in view!
You butcher the ball python corpse.
c - 7 chunks of flesh (gained 2)
You see here a ball python skeleton. x2 2 goblins and an orc warrior come into view.
An orc comes into view. It is wielding a +0 club.
An orc comes into view. It is wielding a +0 dagger.
Found a stone staircase leading down.
There are monsters nearby!
The goblin shouts!
You hit the goblin. The goblin hits you but does no damage.
You closely miss the goblin. The goblin misses you.
You slash the goblin!
You kill the goblin!
Some of the chunks of flesh in your inventory have rotted away.
You hit the orc warrior but do no damage.
The orc warrior hits you with a +0 mace!
You barely miss the orc warrior. The orc warrior closely misses you.
You completely miss the orc warrior. The orc warrior closely misses you.
You hit the orc warrior but do no damage.
The orc warrior barely misses you.
You hit the orc warrior but do no damage.
The orc warrior hits you with a +0 mace.
* * * LOW HITPOINT WARNING * * *
You hit the orc warrior. The orc warrior barely misses you.
You hit the orc warrior but do no damage.
The orc warrior hits you with a +0 mace!
* * * LOW HITPOINT WARNING * * *
You closely miss the orc warrior.
The orc warrior hits you with a +0 mace.
You die...

***,********,* **,***,**
,,,,,,,,,,,*,* *,** *#.*
**,,,,,,,,,.,****,#*#.**
*,,*,***#,#.*,,,#.#.**
**,***,**#.#.,***.#.***
*,** **,......* *..,,,*
*#,***,,..#*#.###.*,*.##
#.,*,*##.# *#...##.>..#
#..,,,,..# *#.@ogo.#,*
#...####.# #.###o...#
#....(.#.#####รท# *,*.##
#.####(#.......# *,*,*
#..(........#### *,*,*
#.####.###### *,*,*
#.####.####### *,*,*
#............# *,,,*
#.###..#####.# **,,*


You could see an orc warrior, 2 orcs and a goblin.

Vanquished Creatures
  A worm (D:2)
  3 dart slugs
  A ball python (D:2)
  3 bats
  8 goblins
  2 hobgoblins
  A quokka (D:2)
  4 kobolds
  4 rats
27 creatures vanquished.

Notes
Turn   | Place    | Note
-------+----------+-------------------------------------------
     0 | D:1      | vurker the Hill Orc Monk began the quest for the Orb.
     0 | D:1      | Reached XP level 1. HP: 19/19 MP: 1/1
   201 | D:1      | Reached XP level 2. HP: 17/27 MP: 2/2
   765 | D:2      | Reached skill level 5 in Axes
   828 | D:2      | Reached XP level 3. HP: 33/33 MP: 3/3
  1023 | D:2      | Noticed an orc warrior
  1035 | D:2      | Slain by an orc warrior

Levels and vault maps discovered:
D:1:      dpeg_arrival_rhombi, layout_basic
D:2:      layout_loops_ring, grunt_temple_overflow_diamond

Skill      XL: |  1  2 |
---------------+-------+-----
Fighting       | 4 |  4.2
Axes           | 5 |  5.3
Dodging        | |  2.4
Stealth        | |  1.5

Action                   || total
-------------------------++-------
Melee: Hand axe          ||    86
  Use: Scroll            ||     6
 Stab: Sleeping          ||     2
Armor: Robe              ||     8
Dodge: Dodged            ||    60

Table legend:
 A = Non-vault XP
 B = Vault XP
 C = Vault XP percentage of total XP
 D = Non-vault monster count
 E = Vault monster count
 F = Vault count percentage of total count
                 A         B        C        D         E       F
            +---------+---------+-------+---------+---------+-------
      Total |      53 |       0 |   0.0 |      27 |       0 |   0.0
            +---------+---------+-------+---------+---------+-------
        D:1 |      27 |       0 |   0.0 |      15 |       0 |   0.0
        D:2 |      26 |       0 |   0.0 |      12 |       0 |   0.0
            +---------+---------+-------+---------+---------+-------
